 Dungeon Crawl Stone Soup version 0.23-a0-49-gd9f7a49668 (webtiles) character file.

98 Ablot the Charmwright (level 4, -13/38 HPs)
             Began as a Gnoll Skald on Aug 7, 2018.
             Mangled by Crazy Yiuf
             ... wielding a +4 quarterstaff of chaos
              (18 damage)
             ... while paralysed by Crazy Yiuf
             ... on level 2 of the Dungeon.
             The game lasted 00:02:50 (1589 turns).

Ablot the Charmwright (Gnoll Skald)                 Turns: 1589, Time: 00:02:51

Health: -13/38     AC:  3    Str: 14    XL:     4   Next: 71%
Magic:  5/11       EV:  2    Int: 15    God:
Gold:   39         SH:  0    Dex: 15    Spells: 2/13 levels left

rFire    . . .     SeeInvis .   a - +0 spear
rCold    . . .     Gourm    .   (no shield)
rNeg     . . .     Faith    .   b - +0 leather armour
rPois    .         Spirit   .   (no helmet)
rElec    .         Reflect  .   (no cloak)
rCorr    .         Harm     .   (no gloves)
MR       .....                  (no boots)
Stlth    ++........             (no amulet)
HPRegen  0.12/turn              k - ring of wizardry
MPRegen  0.12/turn              (no ring)

@: paralysed, infused
A: distributed training, fangs 1, strong nose
a: no special abilities


You were on level 2 of the Dungeon.
You were not hungry.

You visited 1 branch of the dungeon, and saw 2 of its levels.

You collected 39 gold pieces.

Inventory:

Hand Weapons
 a - a +0 spear (weapon)
Missiles
 i - 48 arrows
Armour
 b - a +0 leather armour (worn)
Jewellery
 k - a ring of wizardry (left hand)
Scrolls
 c - 2 scrolls of noise {unknown}
 e - 2 scrolls of identify {unknown}
 f - 2 scrolls of remove curse {unknown}
 l - a scroll of amnesia {unknown}
 m - a scroll of teleportation {unknown}
Potions
 g - a potion of flight {unknown}
 j - a potion of might
 n - 3 potions of curing {unknown}
Comestibles
 d - 4 rations


   Skills:
 + Level 4.6 Fighting
 + Level 1.2 Short Blades
 + Level 1.2 Long Blades
 + Level 1.2 Axes
 + Level 1.2 Maces & Flails
 + Level 4.6 Polearms
 + Level 1.2 Staves
 + Level 1.2 Slings
 + Level 1.2 Bows
 + Level 1.2 Crossbows
 + Level 1.2 Throwing
 + Level 2.8 Armour
 + Level 4.6 Dodging
 + Level 1.2 Stealth
 + Level 1.2 Shields
 + Level 1.2 Unarmed Combat
 + Level 5.1 Spellcasting
 + Level 1.0 Conjurations
 + Level 1.0 Hexes
 + Level 5.5 Charms
 + Level 1.0 Summonings
 + Level 1.0 Necromancy
 + Level 1.0 Translocations
 + Level 1.0 Transmutations
 + Level 1.0 Fire Magic
 + Level 1.0 Ice Magic
 + Level 1.0 Air Magic
 + Level 1.0 Earth Magic
 + Level 1.0 Poison Magic
 + Level 1.3 Invocations
 + Level 1.2 Evocations


You had 2 spell levels left.
You knew the following spells:

 Your Spells              Type           Power        Failure   Level  Hunger
a - Infusion              Chrm           ###.         1%          1    None
b - Song of Slaying       Chrm           ###.....     1%          2    ##.....
c - Shroud of Golubria    Chrm/Tloc      ##........   3%          2    ##.....
d - Regeneration          Chrm/Necr      ##........   6%          3    ###....
e - Spectral Weapon       Hex/Chrm       ##......     6%          3    ###....

Your spell library contained the following spells:

 Spells                   Type           Power        Failure   Level  Hunger


Dungeon Overview and Level Annotations

Branches:
Dungeon (2/15)

Altars:

Annotations:
D:2 Crazy Yiuf


Innate Abilities, Weirdness & Mutations

Your experience applies equally to all skills.
You have very sharp teeth.
Your uncanny sense of smell can sniff out nearby items.


Message History

Attack whom?
Press: ? - help, Dir - move target cursor, f - Crazy Yiuf
Aim: Crazy Yiuf, wielding a quarterstaff of chaos and wearing a glowing cloak (unusually strong)
You reach to attack!
You hit Crazy Yiuf!
Crazy Yiuf is moderately wounded.
Your spectral weapon hits Crazy Yiuf from afar.
You closely miss Crazy Yiuf.
Crazy Yiuf is heavily wounded.
Your spectral weapon hits Crazy Yiuf.
Crazy Yiuf hits you with a quarterstaff of chaos!
Your shroud falls apart!
You suddenly lose the ability to move!
Crazy Yiuf yells, "Aardvark wrapper pizzabubble!"
Crazy Yiuf completely misses you.
Crazy Yiuf hits you with a quarterstaff of chaos!!
Ouch! That really hurt!
* * * LOW HITPOINT WARNING * * *
All of the chunks of flesh in your inventory have rotted away.
Crazy Yiuf hits you with a quarterstaff of chaos!!
You die...

......###.##########
.####..............# .#
###.....##.###.# ##
########## ### ### ####
#.## #... ##.# #.## ##
###### ##### #.## #.# .#
##..#P## ###.()# #.# #.#
.# #....P.####.'@g.#
#.##### #.## .#
#....P..#..##...#
#.....# #... .#
#.#.#..#.########
#.###.# ####
.###..#######
#.###.#####. ....+.#
#..)..(((...
.####.########
###########.#####. ##
##.).....###.#..######.#
## #
##..<..###.###........#
# ##...###.## ##)#######


You could see Crazy Yiuf and a friendly spectral spear.

Vanquished Creatures
  Terence (D:2)
  A gnoll (D:1)
  An adder (D:2)
  An ooze (D:1)
  A worm (D:2)
  2 dart slugs
  6 bats
  5 goblins
  7 hobgoblins
  3 jackals (D:2)
  A quokka (D:2)
  2 frilled lizards (D:2)
  4 kobolds
  7 rats
42 creatures vanquished.

Notes
Turn   | Place    | Note
-------+----------+-------------------------------------------
     0 | D:1      | Ablot the Gnoll Skald began the quest for the Orb.
     0 | D:1      | Reached XP level 1. HP: 20/20 MP: 6/6
   157 | D:1      | Reached XP level 2. HP: 25/26 MP: 7/7
   161 | D:1      | Learned a level 2 spell: Song of Slaying
   164 | D:1      | Learned a level 2 spell: Shroud of Golubria
   454 | D:1      | Reached skill level 5 in Spellcasting
   454 | D:1      | Reached XP level 3. HP: 12/31 MP: 7/9
   465 | D:1      | Learned a level 3 spell: Regeneration
   469 | D:1      | Learned a level 3 spell: Spectral Weapon
   618 | D:2      | Found a runed door.
   837 | D:2      | Reached skill level 1 in Invocations
  1018 | D:2      | Reached skill level 1 in Short Blades
  1018 | D:2      | Reached skill level 1 in Long Blades
  1018 | D:2      | Reached skill level 1 in Axes
  1018 | D:2      | Reached skill level 1 in Maces & Flails
  1018 | D:2      | Reached skill level 1 in Staves
  1018 | D:2      | Reached skill level 1 in Slings
  1018 | D:2      | Reached skill level 1 in Bows
  1018 | D:2      | Reached skill level 1 in Crossbows
  1018 | D:2      | Reached skill level 1 in Throwing
  1018 | D:2      | Reached skill level 1 in Stealth
  1018 | D:2      | Reached skill level 1 in Shields
  1018 | D:2      | Reached skill level 1 in Unarmed Combat
  1018 | D:2      | Reached skill level 1 in Evocations
  1082 | D:2      | Reached XP level 4. HP: 37/38 MP: 11/11
  1321 | D:2      | Noticed Terence
  1335 | D:2      | Killed Terence
  1335 | D:2      | Reached skill level 1 in Conjurations
  1335 | D:2      | Reached skill level 1 in Hexes
  1335 | D:2      | Reached skill level 1 in Summonings
  1335 | D:2      | Reached skill level 1 in Necromancy
  1335 | D:2      | Reached skill level 1 in Translocations
  1335 | D:2      | Reached skill level 1 in Transmutations
  1335 | D:2      | Reached skill level 1 in Fire Magic
  1335 | D:2      | Reached skill level 1 in Ice Magic
  1335 | D:2      | Reached skill level 1 in Air Magic
  1335 | D:2      | Reached skill level 1 in Earth Magic
  1335 | D:2      | Reached skill level 1 in Poison Magic
  1581 | D:2      | Noticed Crazy Yiuf
  1585 | D:2      | Paralysed by Crazy Yiuf for 7 turns
  1589 | D:2      | Mangled by Crazy Yiuf

Vault maps used:
D:1:      dpeg_arrival_tiny_a
D:2:      first_ration, uniq_crazy_yiuf_cottage, uniq_terence

Skill      XL: |  1  2  3  4 |
---------------+-------------+-----
Spellcasting   | 5 |  5.1
Invocations    | 1 |  1.3
Short Blades   | 1 |  1.2
Long Blades    | 1 |  1.2
Axes           | 1 |  1.2
Maces & Flails | 1 |  1.2
Staves         | 1 |  1.2
Slings         | 1 |  1.2
Bows           | 1 |  1.2
Crossbows      | 1 |  1.2
Throwing       | 1 |  1.2
Stealth        | 1 |  1.2
Shields        | 1 |  1.2
Unarmed Combat | 1 |  1.2
Evocations     | 1 |  1.2
Conjurations   | 1 |  1.0
Hexes          | 1 |  1.0
Summonings     | 1 |  1.0
Necromancy     | 1 |  1.0
Translocations | 1 |  1.0
Transmutations | 1 |  1.0
Fire Magic     | 1 |  1.0
Ice Magic      | 1 |  1.0
Air Magic      | 1 |  1.0
Earth Magic    | 1 |  1.0
Poison Magic   | 1 |  1.0
Fighting       | |  4.6
Polearms       | |  4.6
Armour         | |  2.8
Dodging        | |  4.6
Charms         | |  5.5

Action                   |  1- 3 |  4- 6 || total
-------------------------+-------+-------++-------
Melee: Spear             |   124 |    47 ||   171
       Bite              |    13 |     3 ||    16
 Cast: Regeneration      |     2 |     1 ||     3
       Infusion          |     1 |     1 ||     2
       Shroud of Golubri |       |     2 ||     2
       Spectral Weapon   |       |     2 ||     2
 Stab: Sleeping          |     3 |     2 ||     5
  Eat: Chunk             |     1 |     2 ||     3
Armor: Leather armour    |    21 |     3 ||    24
Dodge: Dodged            |    69 |    17 ||    86

Table legend:
 A = Spawn XP
 B = Non-spawn XP
 C = Spawn XP percentage of total XP
 D = Spawn monster count
 E = Non-spawn monster count
 F = Spawn count percentage of total count
 G = Total turns spent on level
                    A         B        C        D         E        F      G
               +---------+---------+-------+---------+---------+-------+---------
         Total |       0 |     141 |   0.0 |       0 |      42 |   0.0 |  1589
               +---------+---------+-------+---------+---------+-------+---------
           D:1 |       0 |      40 |   0.0 |       0 |      11 |   0.0 |   570
           D:2 |       0 |     101 |   0.0 |       0 |      31 |   0.0 |  1019
               +---------+---------+-------+---------+---------+-------+---------
